Map: Космический сапфир

Players

llllllllllll

  • Race: Zerg Zerg
  • League: Grandmaster
  • Spawn Location: 11:00

EBATOR - Winner!

  • Race: Protoss Protoss
  • League: Grandmaster
  • Spawn Location: 5:00

VOD

Have the link to the VOD?

Description

Time

  • Played on: Dec. 11, 2022, 1:24 p.m.
  • Length: 14:14
Show
View Real Time Build Order
Export as new Build Order

llllllllllll Zerg 

Build Orders: Hatch First 

Get SALT Encoding   

  12  0:01  Drone  
  13  0:13  Overlord  
  13  0:18  Drone  
  14  0:31  Drone x2  
  16  0:48  Drone  
  17  0:55  Hatchery  
  17  0:56  Drone  
  17  1:00  Drone  
  17  1:02  Extractor  
  17  1:14  Spawning Pool  
  17  1:17  Drone  
  17  1:19  Drone  
  18  1:29  Drone  
  19  1:40  Drone  
  20  1:52  Drone  
  21  2:06  Queen  
  23  2:08  Queen  
  23  2:10  Zergling x2  
  23  2:11  Overlord  
  23  2:15  Drone  
  27  2:16  Metabolic Boost  
  27  2:20  Drone  
  28  2:33  Zergling x2  
  28  2:34  Drone  
  30  2:43  Zergling x2  
  31  2:47  Hatchery  
  31  2:48  Queen  
  32  3:00  Drone x2  
  32  3:02  Overlord  
  32  3:03  Drone x2  
  35  3:14  Overlord  
  35  3:16  Drone  
  36  3:20  Queen  
  36  3:23  Drone  
  36  3:25  Drone x2  
  39  3:31  Drone  
  39  3:32  Drone  
  39  3:33  Drone  
  41  3:38  Queen  
  43  3:49  Drone x3  
  43  3:53  Drone x3  
  49  3:55  Roach Warren  
  49  3:58  Drone  
  49  4:04  Overlord  
  49  4:06  Drone x2  
  49  4:07  Drone  
  49  4:09  Drone  
  50  4:18  Drone x3  
  50  4:22  Overlord  
  53  4:26  Evolution Chamber  
  52  4:33  Hatchery  
  52  4:36  Zergling x6  
  52  4:37  Zergling x2  
  55  4:39  Zergling x2  
  55  4:40  Zergling x2  
  55  4:42  Zergling x2  
  55  4:43  Zergling x2  
  59  4:47  Zergling x4  
  59  4:51  Zerg Melee Weapons Level 1  
  59  4:52  Drone  
  62  4:53  Drone  
  62  4:59  Drone  
  64  5:03  Drone x7  
  64  5:06  Drone x2  
  70  5:08  Drone  
  70  5:10  Drone  
  70  5:24  Drone  
  70  5:26  Drone x2  
  70  5:27  Drone x3  
  73  5:35  Lair  
  73  5:36  Overlord  
  73  5:37  Overlord x3, Roach Warren  
  73  5:39  Overlord  
  72  5:44  Extractor x2  
  72  5:46  Extractor x2  
  72  5:47  Extractor  
  67  5:52  Drone  
  64  6:04  Zergling x16  
  64  6:05  Zergling x8  
  64  6:10  Zergling x6  
  79  6:16  Zergling x2  
  79  6:17  Zergling x8  
  85  6:25  Zergling x16  
  92  6:34  Zergling x2  
  92  6:35  Zergling x2  
  92  6:39  Hatchery  
  93  6:41  Overlord x3  
  89  6:51  Drone x10  
  89  6:54  Zerg Missile Weapons Level 1  
  93  6:58  Drone x4  
  97  7:06  Overlord  
  94  7:10  Drone x8  
  94  7:15  Drone x3  
  103  7:16  Drone  
  103  7:17  Drone  
  103  7:20  Spore Crawler  
  104  7:22  Spore Crawler  
  104  7:23  Spore Crawler  
  104  7:24  Spore Crawler  
  104  7:29  Glial Reconstitution  
  99  7:30  Spire  
  99  7:35  Extractor  
  99  7:36  Extractor  
  96  7:38  Overlord  
  96  7:39  Drone x3  
  96  7:40  Drone x2  
  96  7:41  Drone  
  102  7:48  Overlord  
  102  7:49  Drone x8  
  105  8:02  Roach x7  
  105  8:03  Roach  
  105  8:04  Roach  
  123  8:10  Baneling Nest  
  123  8:11  Evolution Chamber  
  121  8:14  Roach x4, Spore Crawler  
  121  8:17  Queen  
  130  8:22  Queen  
  130  8:23  Overlord  
  132  8:27  Roach x4  
  139  8:44  Mutalisk x9  
  139  8:45  Mutalisk  
  139  8:46  Mutalisk  
  161  8:50  Zerg Missile Weapons Level 2  
  161  8:52  Zerg Melee Weapons Level 2  
  161  8:56  Centrifugal Hooks  
  161  9:02  Ravager  
  162  9:03  Ravager x5  
  162  9:04  Baneling x3  
  167  9:12  Infestation Pit  
  167  9:13  Ravager, Baneling  
  167  9:14  Zergling x12  
  167  9:15  Zergling x16  
  181  9:27  Baneling x11  
  181  9:29  Overlord x2  
  181  9:31  Overlord x3  
  181  9:42  Baneling x13  
  181  9:52  Zergling x36  
  199  9:54  Baneling x3  
  184  10:13  Roach x15  
  174  10:20  Roach  
  174  10:21  Roach x3  
  169  10:23  Roach, Baneling x4  
  169  10:24  Roach x2  
  169  10:25  Roach  
  169  10:27  Roach x2  
  181  10:30  Roach  
  181  10:31  Roach  
  172  10:36  Roach x3  
  172  10:40  Roach  
  172  10:41  Roach x2  
  153  10:44  Roach x2  
  153  10:48  Roach x2  
  153  10:49  Roach  
  142  10:52  Roach  
  142  10:53  Roach  
  132  10:58  Roach  
  132  10:59  Roach x3, Zergling x4  
  134  11:06  Zergling x16  
  134  11:11  Hive  
  141  11:13  Zerg Ground Armor Level 1  
  141  11:15  Drone x2  
  141  11:16  Drone  
  141  11:17  Drone x2  
  146  11:18  Drone  
  146  11:22  Ravager x3  
  146  11:23  Ravager  
  151  11:28  Drone x4  
  155  11:33  Ravager x3  
  155  11:37  Drone x3  
  155  11:38  Drone  
  162  11:42  Spine Crawler  
  162  11:44  Spine Crawler  
  162  11:45  Spine Crawler, Baneling x8  
  162  11:46  Zergling x2, Baneling  
  162  11:47  Zergling x2, Hatchery  
  157  11:58  Roach  
  157  11:59  Roach x8  
  174  12:03  Drone x2  
  174  12:04  Drone x2  
  177  12:10  Zergling x18  
  154  12:30  Roach  
  154  12:31  Roach x9  
  154  12:35  Adrenal Glands  
  171  12:45  Zergling x20  
  171  12:50  Zergling x2  
  181  12:54  Zergling x6  
  182  13:01  Zergling x12  
  188  13:06  Baneling x11  
  188  13:18  Roach x10  
  185  13:21  Roach x2  
  185  13:24  Roach x2  
  184  13:30  Roach  
  184  13:31  Roach x5  
  163  13:36  Roach  
  163  13:37  Roach x5  
  164  13:41  Roach  
  140  13:49  Roach x4  
  140  13:54  Roach x5  
  139  13:55  Zergling x2  
Show
View Real Time Build Order
Export as new Build Order

EBATOR Protoss - Winner!

Build Orders: 1 Gate Expand, Oracle Opening, Zealot Archon 

Get SALT Encoding   

  12  0:00  Probe  
  13  0:15  Pylon  
  13  0:18  Probe (Chrono Boost)  
  14  0:28  Probe (Chrono Boost)  
  15  0:33  Probe (Chrono Boost)  
  16  0:40  Gateway  
  16  0:44  Probe  
  16  0:49  Assimilator  
  17  0:56  Probe  
  18  1:09  Probe  
  19  1:21  Probe  
  20  1:27  Nexus  
  20  1:37  Cybernetics Core  
  20  1:39  Probe  
  21  1:51  Assimilator, Probe  
  22  1:56  Pylon  
  22  2:03  Probe  
  23  2:12  Adept (Chrono Boost)  
  25  2:15  Probe (Chrono Boost)  
  26  2:26  Probe (Chrono Boost)  
  26  2:27  Pylon  
  27  2:30  Stargate  
  27  2:31  Probe (Chrono Boost)  
  27  2:33  Adept (Chrono Boost)  
  30  2:41  Warp Gate  
  30  2:42  Probe  
  31  2:48  Probe  
  32  2:54  Probe  
  32  2:55  Adept (Chrono Boost)  
  35  3:00  Probe  
  36  3:06  Probe  
  38  3:12  Probe  
  38  3:16  Oracle  
  38  3:18  Probe  
  42  3:24  Probe  
  43  3:30  Probe  
  43  3:32  Nexus  
  42  3:37  Probe (Chrono Boost)  
  42  3:41  Pylon  
  43  3:43  Probe (Chrono Boost)  
  45  3:49  Pylon, Probe (Chrono Boost)  
  45  3:52  Probe (Chrono Boost)  
  46  3:57  Probe x2 (Chrono Boost)  
  46  3:59  Oracle  
  46  4:01  Pylon  
  46  4:02  Assimilator  
  51  4:09  Probe x2  
  53  4:21  Probe  
  54  4:26  Nexus  
  54  4:28  Probe  
  55  4:33  Pylon, Probe (Chrono Boost)  
  55  4:36  Oracle  
  59  4:44  Probe (Chrono Boost)  
  61  4:45  Probe (Chrono Boost)  
  61  4:46  Twilight Council  
  61  4:47  Forge  
  63  4:53  Pylon, Probe (Chrono Boost)  
  63  4:54  Probe x2 (Chrono Boost)  
  65  5:01  Probe (Chrono Boost)  
  65  5:03  Probe (Chrono Boost)  
  65  5:05  Probe (Chrono Boost)  
  66  5:09  Probe  
  66  5:11  Gateway  
  68  5:14  Probe, Zealot  
  68  5:18  Gateway  
  68  5:19  Oracle  
  68  5:20  Gateway  
  68  5:23  Probe x2  
  68  5:26  Probe  
  69  5:35  Probe (Chrono Boost)  
  69  5:37  Probe (Chrono Boost), Zealot  
  69  5:39  Probe (Chrono Boost)  
  69  5:41  Photon Cannon, Shield Battery  
  69  5:42  Probe (Chrono Boost)  
  73  5:48  Probe (Chrono Boost)  
  75  5:51  Probe (Chrono Boost)  
  75  5:52  Probe (Chrono Boost)  
  75  5:54  Probe (Chrono Boost)  
  75  5:56  Probe (Chrono Boost)  
  74  5:57  Probe  
  74  6:00  Probe, Zealot  
  74  6:01  Charge  
  78  6:05  Probe  
  78  6:06  Pylon, Gateway  
  78  6:08  Probe  
  78  6:11  Protoss Ground Weapons Level 1  
  80  6:14  Probe x2 (Chrono Boost)  
  80  6:17  Probe (Chrono Boost)  
  83  6:20  Pylon  
  83  6:23  Probe (Chrono Boost)  
  84  6:29  Probe (Chrono Boost)  
  84  6:32  Probe x2 (Chrono Boost)  
  88  6:33  Shield Battery  
  88  6:34  Zealot x2  
  88  6:35  Zealot x2  
  88  6:36  Probe x2 (Chrono Boost)  
  88  6:39  Probe (Chrono Boost)  
  98  6:40  Templar Archives  
  98  6:42  Probe  
  98  6:45  Robotics Facility  
  99  6:48  Probe  
  99  6:51  Probe  
  90  6:55  Probe  
  90  6:58  Assimilator, Photon Cannon, Probe  
  90  7:00  Assimilator x2  
  93  7:02  Probe (Chrono Boost)  
  93  7:03  Assimilator x2  
  93  7:05  Zealot x3  
  89  7:09  Probe (Chrono Boost)  
  89  7:10  Probe (Chrono Boost)  
  89  7:12  Probe (Chrono Boost)  
  90  7:19  Probe (Chrono Boost)  
  90  7:20  Photon Cannon, Probe (Chrono Boost)  
  90  7:21  Zealot  
  90  7:22  Probe (Chrono Boost), Zealot  
  96  7:25  Probe  
  96  7:28  Probe  
  96  7:29  Probe, Zealot x3  
  102  7:30  Probe  
  102  7:32  Immortal (Chrono Boost)  
  108  7:38  Probe  
  108  7:40  Probe  
  108  7:41  Blink  
  108  7:42  Probe x2  
  112  7:50  Probe  
  113  7:52  Pylon, Probe  
  113  7:54  Probe  
  113  7:55  High Templar x2  
  113  7:56  High Templar x2, Zealot  
  113  7:57  Probe  
  126  7:59  Archon  
  126  8:00  Archon  
  126  8:01  Pylon  
  126  8:02  Probe  
  126  8:04  Probe  
  128  8:06  Probe  
  128  8:09  Probe  
  130  8:14  Probe  
  130  8:17  Pylon  
  133  8:21  Immortal (Chrono Boost)  
  133  8:22  Protoss Ground Weapons Level 2 (Chrono Boost), Stalker  
  137  8:32  Gateway  
  137  8:33  Gateway  
  137  8:34  Pylon, Gateway  
  137  8:35  Gateway x2  
  137  8:36  Gateway  
  137  8:37  Pylon, Zealot  
  137  8:38  Zealot x3  
  145  8:48  Photon Cannon  
  145  8:49  Photon Cannon, Warp Prism (Chrono Boost)  
  147  8:58  Gateway  
  147  8:59  Gateway  
  147  9:01  Gateway  
  147  9:03  Gateway  
  147  9:04  Photon Cannon  
  147  9:07  Shield Battery  
  147  9:11  Photon Cannon  
  147  9:12  Pylon x2  
  147  9:15  Observer (Chrono Boost)  
  147  9:16  High Templar x4  
  156  9:17  Zealot  
  156  9:20  Archon x2  
  158  9:28  Immortal (Chrono Boost)  
  158  9:30  Nexus  
  162  9:32  Pylon  
  162  9:39  High Templar x6  
  162  9:40  Stalker  
  162  9:43  Archon x3  
  176  9:47  Gateway  
  176  9:50  Stalker  
  176  9:51  Stalker x3  
  179  9:59  Observer  
  176  10:02  Probe  
  176  10:04  Probe x3  
  160  10:14  Probe, Zealot x9  
  129  10:16  Probe x2  
  129  10:20  Stalker x2  
  144  10:21  Probe  
  144  10:31  Probe  
  144  10:32  Stalker x2  
  144  10:33  Probe  
  147  10:35  Probe  
  124  10:42  Zealot  
  124  10:43  Zealot x4  
  124  10:49  Protoss Ground Weapons Level 3 (Chrono Boost)  
  114  10:50  Probe  
  114  10:57  Warp Prism (Chrono Boost)  
  107  10:58  Probe  
  104  11:05  Probe  
  103  11:14  High Templar x3  
  103  11:15  High Templar x3  
  103  11:18  Stalker x4  
  119  11:19  Stalker  
  119  11:21  Archon x3  
  119  11:25  Probe x2, Immortal (Chrono Boost)  
  125  11:26  Shield Battery  
  125  11:27  Photon Cannon, Probe  
  125  11:28  Probe x2  
  132  11:37  Probe x2, Robotics Facility  
  134  11:41  Probe  
  134  11:45  Probe  
  136  11:52  Zealot  
  136  11:53  Probe, Zealot x5  
  141  11:58  Immortal (Chrono Boost)  
  141  12:00  Probe  
  142  12:11  Zealot x6  
  142  12:12  Probe, Zealot x4  
  155  12:23  Probe, Stalker x5  
  155  12:28  Probe  
  143  12:34  Probe  
  142  12:37  Immortal x2 (Chrono Boost)  
  142  12:40  Probe  
  142  12:41  Probe  
  152  12:47  Zealot x4  
  160  12:57  High Templar  
  160  12:58  High Templar x8  
  178  13:01  Zealot x2  
  178  13:02  Archon x4  
  182  13:06  High Templar  
  182  13:07  Probe  
  182  13:11  Probe  
  182  13:12  Zealot x4, Archon  
  190  13:13  Probe  
  169  13:31  Zealot x8  
  169  13:32  Probe, Zealot x2  
  167  13:34  Probe  
  160  13:43  Probe  
  160  13:46  Probe x2  
  139  13:54  Zealot x9  
  147  14:02  Probe  
Tags
 
Add a new tag
Caveats
  • Supply blocks, unpowered buildings, or Contaminate may cause inaccurate times.
  • Supply counts are checked every 10 seconds.